 Dungeon Crawl Stone Soup version 0.28.0 (webtiles) character file.

Game seed: 10610179709284591030

60 bande the Skirmisher (level 4, -6/29 HPs)
             Began as a Gargoyle Fighter on Feb 18, 2022.
             Mangled by Terence (8 damage)
             ... on level 2 of the Dungeon.
             The game lasted 00:04:16 (2190 turns).

bande the Skirmisher (Gargoyle Fighter)             Turns: 2190, Time: 00:04:17

Health: -6/29      AC:  0    Str: 20    XL:     4   Next: 6%
Magic:  4/4        EV: 17    Int:  8    God:
Gold:   106        SH:  0    Dex: 16    Spells: 3/3 levels left

rFire   . . .      SeeInvis .   (weapon currently unavailable)
rCold   . . .      Faith    .   (shield currently unavailable)
rNeg    + . .      Spirit   .   (armour currently unavailable)
rPois   ∞          Reflect  .   (helmet currently unavailable)
rElec   .          Harm     .   (cloak currently unavailable)
rCorr   .          Rampage  .   (gloves currently unavailable)
Will    .....                   (boots currently unavailable)
Stlth   +.........              (no amulet)
HPRegen 0.09/turn               (ring currently unavailable)
MPRegen 0.09/turn               (ring currently unavailable)

@: bat-form, flying, very quick
A: fast, flying, no casting, sickness immunity, AC +3, tiny, negative energy
resistance 1, (electricity resistance), torment resistance 1, petrification
resistance
a: no special abilities


You were on level 2 of the Dungeon.
You were a bat.
You visited 1 branch of the dungeon, and saw 3 of its levels.

You collected 106 gold pieces.

Inventory:

Hand Weapons
 a - a +0 war axe (melded)
Armour
 b - a +0 scale mail (melded)
 c - a +0 buckler (melded)
Scrolls
 e - a scroll of teleportation
 f - 2 scrolls of identify
Potions
 d - a potion of might
 g - 2 potions of mutation {unknown}
 h - a potion of invisibility {unknown}
 i - a potion of heal wounds


   Skills:
 + Level 3.9 Fighting
 + Level 2.5 Axes
 + Level 3.8 Armour
 + Level 0.1 Stealth
 + Level 3.6 Shields


You had 3 spell levels left.
You didn't know any spells.
Your spell library was empty.

Dungeon Overview and Level Annotations

Branches:
Dungeon (3/15)

Altars:

Annotations:
D:2 Terence


Innate Abilities, Weirdness & Mutations

You are a bat.
You are tiny and dextrous.
You move quickly.
You are flying.
Your equipment is almost entirely melded.
You are incapable of wielding weapons or throwing items.
You cannot cast spells.
You are immune to sickness and miasma.
((Your stone body is resilient. (AC +3)))
You are immune to poison.
You resist negative energy. (rN+)
((You are resistant to electric shocks. (rElec)))
You are resistant to unholy torment.
You are immune to petrification.


Message History

Your transformation is almost over.
You condense into your normal self.
Your +0 war axe unmelds from your body.
Your +0 buckler unmelds from your body.
Your +0 scale mail unmelds from your body.
You slash Terence!
Terence is heavily wounded.
Terence hits you with a +0 flail!
You hit Terence.
Terence is severely wounded.
Terence hits you but does no damage. Terence misses you.
You hit Terence but do no damage.
Terence is severely wounded.
Terence hits you with a +0 flail.
You hit Terence but do no damage.
Terence is severely wounded.
Terence zaps a wand.
You resist with some effort. Terence hits you but does no damage.
You hit Terence.
Terence is severely wounded.
Terence hits you with a +0 flail.
* * * LOW HITPOINT WARNING * * *
You barely miss Terence.
Terence is severely wounded.
Terence zaps a wand.
You turn into a bat.
Your +0 war axe melds into your body.
Your +0 buckler melds into your body.
Your +0 scale mail melds into your body.
You hit Terence but do no damage.
Terence is severely wounded.
Terence closely misses you.
You hit Terence.
Terence is almost dead.
Terence hits you with a +0 flail.
* * * LOW HITPOINT WARNING * * *
You hit Terence but do no damage.
Terence is almost dead.
Terence closely misses you.
You hit Terence but do no damage.
Terence is almost dead.
Terence hits you with a +0 flail!
You die...

#..# ##...♣PP.......# #.#
##.# #..♣♣♣...#.###.# #.#
#.# ##..P.......# #.####.#
#.# #P.♣...##.###
#......## #.# #....####.#
#.......# #.# ##)### #@#
#.#####.# ##.# #.# #.# #.#
#.# ...# #.######.# #.#
#.# #### #.....b@.# #.#
#.# ######.### #.# #.# #.#
#.# ##.# ♣#♣#♣#♣#♣ #.#
#..# #.......# #.# #.##
### ♣.♣.♣.♣.♣ #.# #.#
..###########.......####.#
#.#
#...........♣.♣.♣.♣.♣....#
#.#
..########.##.......#.####
#.#


You could see Terence.

Vanquished Creatures
  An adder (D:2)
  2 dart slugs
  4 ball pythons (D:1)
  3 bats
  An endoplasm (D:1)
  3 giant cockroaches
  3 goblins
  4 hobgoblins (D:1)
  7 jackals
  3 quokkas (D:1)
  3 frilled lizards (D:1)
  2 kobolds
  5 rats
41 creatures vanquished.

Vanquished Creatures (others)
  10 plants (D:2)
10 creatures vanquished.

Grand Total: 51 creatures vanquished

Notes
Turn   | Place    | Note
-------+----------+-------------------------------------------
     0 | D:1      | bande the Gargoyle Fighter began the quest for the Orb.
     0 | D:1      | Reached XP level 1. HP: 14/14 MP: 1/1
    63 | D:1      | Reached XP level 2. HP: 11/19 MP: 2/2
   186 | D:1      | Noticed a great orb of eyes
   192 | D:1      | Found a faded altar of an unknown god.
   193 | D:1      | Noticed a golden eye
   193 | D:1      | Noticed a great orb of eyes
   193 | D:1      | Noticed a great orb of eyes
   472 | D:1      | Reached XP level 3. HP: 24/24 MP: 3/3
  1602 | D:2      | Reached XP level 4. HP: 29/29 MP: 4/4
  2119 | D:3      | Noticed Terence
  2190 | D:2      | Mangled by Terence

Illustrated notes

Levels and vault maps discovered:
D:1:      psy_arrival_radial02, layout_basic,
          hellmonk_ecumenical_altar_watching_god
D:2:      layout_loops_ring, serial_forest, infiniplex_forest_clump_double,
          infiniplex_forest_clump_double, infiniplex_forest_clump_double,
          infiniplex_forest_clump_diagonal, infiniplex_forest_straight_2,
          infiniplex_forest_lined_room_3, minmay_cut_off
D:3:      layout_basic, ebering_ghost_reflecting_pool, roderic_roman_lattice,
          uniq_terence

Skill      XL: |  1  2  3 |
---------------+----------+-----
Axes           | 2 |  2.5
Fighting       | |  3.9
Armour         | |  3.8
Stealth        | |  0.1
Shields        | |  3.6

Action                   |  1- 3 |  4- 6 || total
-------------------------+-------+-------++-------
Melee: War axe           |   118 |    12 ||   130
       Unarmed           |       |     7 ||     7
  Use: Scroll            |     8 |       ||     8
Armor: Scale mail        |    65 |     5 ||    70
       Skin              |       |     1 ||     1
Dodge: Dodged            |    70 |    12 ||    82
Block: Buckler           |    34 |       ||    34
